 Dungeon Crawl Stone Soup version 0.26.0-45-g9c1d065592 (webtiles) character file.

Game seed: 10895725287295290582

95 kaeus the Skirmisher (level 4, -5/33 HPs)
             Began as an Octopode Fighter on Jan 31, 2021.
             Slain by Natasha (9 damage)
             ... on level 2 of the Dungeon.
             The game lasted 00:01:55 (1341 turns).

kaeus the Skirmisher (Octopode Fighter)             Turns: 1341, Time: 00:01:55

Health: -5/33      AC:  1    Str: 15    XL:     4   Next: 65%
Magic:  4/4        EV: 11    Int: 10    God:
Gold:   69         SH:  8    Dex: 12    Spells: 3/3 levels left

rFire    . . .     SeeInvis .   a - +0 rapier
rCold    . . .     Faith    .   b - +0 kite shield
rNeg     . . .     Spirit   .   (helmet restricted)
rPois    .         Reflect  .   (no amulet)
rElec    .         Harm     .   (no ring)
rCorr    .         Rampage  .   (no ring)
Will     .....                  (no ring)
Stlth    +++.......             (no ring)
HPRegen  0.11/turn              (no ring)
MPRegen  0.09/turn              (no ring)
                                (no ring)
                                (no ring)

@: slowed, very slow
A: almost no armour, stealthy swim, amphibious, 8 rings, constrict 8, camouflage
1, gelatinous body 1
a: no special abilities


You were on level 2 of the Dungeon.
You visited 1 branch of the dungeon, and saw 2 of its levels.

You collected 69 gold pieces.

Inventory:

Hand Weapons
 a - a +0 rapier (weapon)
Armour
 b - a +0 kite shield (worn)
Scrolls
 d - 5 scrolls of identify {unknown}
 f - a scroll of fear {unknown}
 g - a scroll of enchant armour {unknown}
 i - a scroll of teleportation {unknown}
 j - a scroll of remove curse {unknown}
Potions
 c - a potion of might
 h - a potion of attraction {unknown}


   Skills:
 + Level 3.8 Fighting
 + Level 3.1 Short Blades
 - Level 3.0 Dodging
 * Level 3.1 Stealth
 - Level 3.0 Shields


You had 3 spell levels left.
You didn't know any spells.
Your spell library was empty.

Dungeon Overview and Level Annotations

Branches:
Dungeon (2/15)

Altars:

Annotations:
D:2 Natasha, Sigmund


Innate Abilities, Weirdness & Mutations

You cannot wear most types of armour.
You are very stealthy in the water. (Stealth+)
You are amphibious.
You can wear up to eight rings at the same time.
You can use your tentacles to constrict eight enemies at once.
Your skin changes colour to match your surroundings (Stealth+).
Your rubbery body absorbs attacks. (AC +1, EV +1)


Message History

You completely miss Natasha. Your grab misses Natasha. You constrict Sigmund.
You block Sigmund's attack. The goblin hits you with a +0 club.
Natasha stares at you and mumbles some strange words.
You feel yourself slow down.
You take 1 damage, and have 15/33 hp.
You hit Sigmund but do no damage. You squeeze Sigmund, but do no damage.
Sigmund is lightly wounded.
You constrict Sigmund, but do no damage.
You block Natasha's attack. You block the goblin's attack.
The dart slug launches a dart at you. The slug dart hits you.
You block Sigmund's attack. Natasha claws you!
* * * LOW HITPOINT WARNING * * *
The dart slug bites you but does no damage.
You take 12 damage, and have 3/33 hp.
MASSIVE DAMAGE!!
It was a potion of magic.
Magic courses through your body.
You constrict Sigmund, but do no damage.
You block the goblin's attack. Sigmund gestures at you while chanting.
You resist with some effort. Natasha claws you!
You die...

......
..<......##############
........)##.....#>....##
.........#.............#
.)......................
.......................$
........................
......hg........†.......
##rw@..).............
......@.....?...........
#####.#####.............
#. ######.######. # #...
#. ###. #. ##


You could see Sigmund, Natasha, a dart slug, a goblin and a rat.

Vanquished Creatures
  Terence (D:2)
  Robin (D:2)
  A dart slug (D:1)
  2 leopard geckos (D:1)
  2 giant cockroaches (D:2)
  4 hobgoblins
  4 jackals (D:1)
  2 ball pythons
  7 bats
  A frilled lizard (D:1)
  16 goblins
  4 kobolds
  4 rats
49 creatures vanquished.

Vanquished Creatures (others)
  5 plants (D:2)
5 creatures vanquished.

Grand Total: 54 creatures vanquished

Notes
Turn   | Place    | Note
-------+----------+-------------------------------------------
     0 | D:1      | kaeus the Octopode Fighter began the quest for the Orb.
     0 | D:1      | Reached XP level 1. HP: 16/16 MP: 1/1
    59 | D:1      | Reached XP level 2. HP: 15/21 MP: 2/2
   671 | D:1      | Reached XP level 3. HP: 25/26 MP: 3/3
   887 | D:1      | Reached skill level 1 in Stealth
  1039 | D:2      | Noticed Terence
  1049 | D:2      | Killed Terence
  1050 | D:2      | Reached XP level 4. HP: 28/33 MP: 4/4
  1110 | D:2      | Noticed Robin
  1133 | D:2      | Killed Robin
  1331 | D:2      | Noticed Sigmund
  1334 | D:2      | Noticed Natasha
  1341 | D:2      | Slain by Natasha

Illustrated notes

Levels and vault maps discovered:
D:1:      minmay_arrival_four_houses, layout_loops_ring
D:2:      layout_rooms, chequers_ecumenical_altar_lobes, uniq_sigmund,
          uniq_natasha, uniq_terence, uniq_robin

Skill      XL: |  1  2  3  4 |
---------------+-------------+-----
Stealth        | 2 3 |  3.1
Short Blades   | 3 |  3.1
Fighting       | |  3.8
Dodging        | |  3.0
Shields        | |  3.0

Action                   |  1- 3 |  4- 6 || total
-------------------------+-------+-------++-------
Melee: Rapier            |    52 |    34 ||    86
       Constrict         |    10 |    12 ||    22
       Tentacles         |    10 |     7 ||    17
  Use: Potion            |       |     1 ||     1
 Stab: Sleeping          |     5 |       ||     5
       Distracted        |       |     1 ||     1
Armor: Skin              |     1 |     5 ||     6
Dodge: Dodged            |    21 |    18 ||    39
Block: Kite shield       |    23 |    20 ||    43
